woodfighter, chaotic female orcish Ranger ------ ---- |.(..-----..| |...`^^^^^^.| |..`.------^| |.`..`..`.|^| --`%...`...|^| |.of`....`.|<| |.B@.|.------- ------.|...| |.........| --.`..|.`.| ---..|...| -------- woodfighter the Trailblazer Experience level: 7 Strength: 17 Dexterity: 12 Constitution: 15 Intelligence: 13 Wisdom: 13 Charisma: 7 Health: 0(49) Energy: 29(29) Def: 3 Gold: 0 Moves: 3778 Dungeon seed: bWZTq8tLYhGBbkrb Game ID: woodfighter_1560456893 Your Inventory: Weapons a - a +1 orcish dagger (alternate weapon; not wielded) b - a +2 orcish bow (weapon in hand) c - 42 +2 orcish arrows (in quiver) d - 31 +0 orcish arrows K - 9 +0 orcish arrows Armor e - an uncursed +2 cloak of displacement (being worn) r - an uncursed +0 dwarvish cloak E - an uncursed +0 dwarvish cloak Comestibles f - 3 uncursed cram rations h - 3 uncursed tripe rations i - 2 uncursed eggs o - an uncursed food ration T - an uncursed eucalyptus leaf W - an uncursed magic bean Z - an uncursed lizard corpse Wands g - a blessed wand of slow monster (0:3) m - a wand of undead turning (0:7) x - a wand of sleep (0:4) I - a wand of speed monster (0:4) R - a wand of digging (0:4) Tools q - a +0 unicorn horn Gems n - an uncursed worthless piece of orange glass w - 3 uncursed worthless pieces of yellow glass y - an uncursed worthless piece of violet glass Spells and supernatural/magical abilities: Name Level Category Fail Memory W - pray for help -- divine ? -- Your skills at the end: Miscellaneous Skills wands [Basic] Weapon Skills dagger [Basic] scimitar [Basic] bow [Basic] Spellcasting Skills Final Attributes: You were piously aligned. You were cold resistant. You were poison resistant. You had automatic searching. You had infravision. You were displaced. You were very stealthy. You are dead. Vanquished creatures: a large mimic a lizard 3 piranhas a housecat a dwarf lord a blue jelly a white unicorn a baby crocodile a rock piercer 3 ponies a fog cloud a shrieker a violet fungus 2 giant ants a floating eye a kitten 3 dwarves an iguana a rothe 2 jitterbugs a dwarf zombie 8 killer bees a coyote 2 hobbits an acid blob a large kobold 5 geckos a brown mold a yellow mold a red mold a gnome 2 jackals a fox 2 kobolds 4 newts 4 sewer rats 4 grid bugs 5 lichens a kobold zombie 74 creatures vanquished. Voluntary challenges: You did not adorn yourself with jewelry or accessories. You did not cause conflict. You were not invisible. You did not have reflection. You had been an atheist until turn 3217. You used a wielded weapon 7 times, starting on turn 2994. You did not apply a unicorn horn. You did not use plumbed fixtures. You did not drink any magical draughts. You read items or engraved 1 time, starting on turn 726. You never genocided any monsters. You never polymorphed an object. You never changed form. You used no wishes. You never split a pudding. You never wrote Elbereth's name. You never violated your personal moral code. Dungeon overview: The Dungeons of Doom: levels 1 to 9 Level 1 some fountains, a sink a long staircase Level 2 stairs to The Gnomish Mines Level 3 a general store, a fountain, a sink Level 4 Level 5 (vault) a fountain Level 6 (water) Level 7 a general store, some fountains Level 8 many fountains Level 9 (box) stairs to Sokoban The Gnomish Mines: Level 3 stairs to The Dungeons of Doom Sokoban: Level 8 <- You were here a magic chest stairs to The Dungeons of Doom History has recorded: On T:1 you entered the Dungeons of Doom to retrieve the Amulet of Yendor! On T:471 you reached level 2 of The Dungeons of Doom. On T:632 you advanced to experience level 2. On T:656 you reached level 3 of The Dungeons of Doom. On T:718 you reached level 1 of The Gnomish Mines. On T:1015 you advanced to experience level 3. On T:1269 you reached level 4 of The Dungeons of Doom. On T:1561 you reached level 5 of The Dungeons of Doom. On T:1740 you reached level 6 of The Dungeons of Doom. On T:1851 you advanced to experience level 4. On T:2105 you advanced to experience level 5. On T:2251 you reached level 7 of The Dungeons of Doom. On T:2599 you reached level 8 of The Dungeons of Doom. On T:3000 you advanced to experience level 6. On T:3217 you prayed to Mars. On T:3280 you advanced to experience level 7. On T:3316 you reached level 9 of The Dungeons of Doom. On T:3774 you reached level 4 of Sokoban. Score breakdown: Gold: 0 ( 0 points) Experience: 7 levels ( 600 points) Exploration: 9 levels ( 240 points) Discoveries: 11 items ( 550 points) Variety of kills: 39 monsters ( 1950 points) Major goal: (nothing yet) ( 0 points) Survival: died (score multiplied by 3) Total score: 10020 Latest messages: The orc shaman points all around, then curses. The vampire bat bites! (2x) You hear some noises. You drop a sack. Your movements are now unencumbered. The vampire bat bites! (2x) The orc shaman points at you, then curses. You shoot 2 orcish arrows. The 1st orcish arrow hits the jaguar! The 2nd orcish arrow hits the jaguar. The vampire bat bites! (2x) The orc shaman points all around, then curses. The jaguar claws you! (2x) The jaguar bites! The vampire bat bites! (2x) You shoot 2 orcish arrows. The 1st orcish arrow hits the jaguar. The 2nd orcish arrow hits the jaguar. The vampire bat bites! (2x) The orc shaman points all around, then curses. The jaguar claws you! (2x) The jaguar bites! The vampire bat bites! You die... Final status: Goodbye woodfighter the Ranger, killed by a vampire bat... You died in Sokoban on dungeon level 8 with 10020 points, and 0 pieces of gold, after 3778 moves. You were level 7 with a maximum of 49 hit points when you died.